 Dungeon Crawl Stone Soup version 0.30-a0-269-gf0224bf7b6 (webtiles) character file.

Game seed: 16493847427020735237

86 Sobieck the Ruffian (level 4, -1/45 HPs)
             Began as an Ogre Transmuter on Oct 14, 2022.
             Killed from afar by an orc wizard (8 damage)
             ... with a magic dart
             ... on level 2 of the Dungeon.
             The game lasted 00:05:46 (2417 turns).

Sobieck the Ruffian (Ogre Transmuter)               Turns: 2417, Time: 00:05:47

Health: -1/45      AC:  3    Str: 14    XL:     4   Next: 49%
Magic:  8/8        EV: 10    Int: 16    God:
Gold:   188        SH:  0    Dex:  9    Spells: 8/9 levels left

rFire   . . .      SeeInvis .      - Unarmed
rCold   . . .      Faith    .    (no shield)
rNeg    + . .      Spirit   .    g - +0 robe
rPois   .          Reflect  .    (helmet restricted)
rElec   .          Harm     .    (no cloak)
rCorr   .          Rampage  .    (gloves unavailable)
Will    .....                    (boots unavailable)
Stlth   +.........               (no amulet)
HPRegen 0.27/turn                t - ring of positive energy
MPRegen 0.11/turn                (no ring)

@: invisible
A: large, unfitting armour, tough skin 1
a: no special abilities


You were on level 2 of the Dungeon.
You visited 1 branch of the dungeon, and saw 3 of its levels.

You collected 188 gold pieces.


Innate Abilities, Weirdness & Mutations

You are too large for most types of armour.
You have tough skin. (AC +1)


   Skills:
 + Level 3.2 Fighting
 - Level 2.0 Dodging
 + Level 3.2 Unarmed Combat
 - Level 3.0 Spellcasting
 + Level 2.5 Transmutations


You had 8 spell levels left.
You knew the following spells:

 Your Spells              Type           Power      Damage    Failure   Level
a - Beastly Appendage     Tmut           20%        N/A       7%          1

Your spell library contained the following spells:

 Spells                   Type           Power      Damage    Failure   Level
 Wereblood                Tmut           10%        N/A       10%         2
 Blink                    Tloc           4%         N/A       28%         2
 Sublimation of Blood     Necr           2%         N/A       28%         2
 Spider Form              Tmut/Pois      6%         N/A       32%         3
 Ice Form                 Ice/Tmut       6%         N/A       73%         4
 Petrify                  Tmut/Erth      6%         N/A       73%         4
 Manifold Assault         Tloc           2%         N/A       88%         4
 Metabolic Englaciation   Hex/Ice        1%         N/A       99%         5
 Statue Form              Tmut/Erth      4%         N/A       100%        6
 Storm Form               Tmut/Air       3%         N/A       100%        7
 Summon Hydra             Summ           1%         N/A       100%        7

Inventory:

Hand Weapons
 a - a +0 sling
   (You found it on level 1 of the Dungeon)
 e - a +0 dagger {short}
   (You took it off a goblin on level 1 of the Dungeon)
 j - a +0 dagger {short}
   (You took it off a goblin on level 1 of the Dungeon)
Missiles
 d - 25 stones {throwing}
 n - 7 poisoned darts {throwing}
 q - a throwing net {=f!fthrowing}
Armour
 g - a +0 robe (worn)
 h - a +0 robe
   (You found it on level 1 of the Dungeon)
Jewellery
 t - a ring of positive energy (left hand)
   (You took it off a kobold on level 3 of the Dungeon)
Wands
 r - a wand of flame (3)
   (You took it off a hobgoblin on level 2 of the Dungeon)
Scrolls
 c - 2 scrolls of summoning {unknown}
 i - 2 scrolls of teleportation {unknown}
 m - a scroll of poison {unknown}
 p - 4 scrolls of identify {unknown}
 u - a scroll of enchant armour {unknown}
Potions
 b - a potion of lignification {!q}
 f - a potion of invisibility
 k - 2 potions of curing {unknown}
 l - a potion of might {unknown}
 o - 2 potions of attraction {unknown}
 s - a potion of brilliance {unknown}
 v - a potion of flight {unknown}

Dungeon Overview and Level Annotations

Branches:
Dungeon (3/15) Zot: 15568

Altars:

############.####....#.#.##......
#......................#.##......
#....................#.#.##....).
#.........##.####....#.#.##......
#..†.....................##......
#.........##.###.o####.######....
#..........................##.###
#.........####.#..#.##.######.#
#.........####.#@.#.#### #.###
#.........#.....)...# #.##<
#.........#.####.##.# #<###
#................##.# ###
######'####.#######.# #.####.#
#.# #......# ### ########


You could see an orc wizard (unable to see you).


Message History

Unknown command.
Unknown command.
You hit the orc wizard but do no damage.
The orc wizard hits you with a +0 dagger.
Unknown command.
Unknown command.
You miss the orc wizard.
Unknown command.
Unknown command.
You miss the orc wizard.
The orc wizard hits you but does no damage.
Unknown command.
You closely miss the orc wizard.
The orc wizard hits you with a +0 dagger.
Unknown command.
You bump into the rock wall.
The orc wizard casts a spell.
The orc wizard flickers and vanishes!
Deactivating autopickup; reactivate with Ctrl-A.
Unknown command.
Unknown command.
You closely miss something.
You hear some strange, mumbled words.
A puff of flame appears from out of thin air!
The puff of flame hits you!
Unknown command.
Unknown command.
You miss something. Something hits you.
Unknown command.
You closely miss something.
You feel less confused. Something hits you but does no damage.
Unknown command.
Casting: Beastly Appendage (safe; 7% risk of failure)
Confirm with . or Enter, or press ? or * to list all spells.
You grow a pair of large bovine horns.
Your feet morph into talons.
Something hits you but does no damage.
Unknown command.
You miss something. Something hits you.
Unknown command.
You barely miss something. Your kick misses something.
Your headbutt misses something. Something hits you.
You closely miss something. Your kick misses something.
You hear some strange, mumbled words.
A magic dart appears from out of thin air!
The magic dart hits you!
* * * LOW HITPOINT WARNING * * *
Unknown command.
You closely miss something. Your headbutt misses something. Something hits you.
* * * LOW HITPOINT WARNING * * *
Unknown command.
Something hits you but does no damage. Something hits you.
* * * LOW HITPOINT WARNING * * *
There is a stone staircase leading up here.
Unknown command.
You climb upwards.
Reactivating autopickup.
Your transformation is almost over.
There is a stone staircase leading down here.
Unknown command.
Something hits you.
* * * LOW HITPOINT WARNING * * *
Deactivating autopickup; reactivate with Ctrl-A.
Unknown command.
Something hits you but does no damage.
There is a stone staircase leading down here.
Danger!
You miss something. Your kick misses something. Something hits you.
* * * LOW HITPOINT WARNING * * *
Unknown command.
It was a potion of invisibility.
You fade into invisibility!
Something hits you but does no damage.
You hit something. Your kick misses something. Something hits you.
* * * LOW HITPOINT WARNING * * *
You miss something. Your kick misses something. Your headbutt misses something.
Something hits you but does no damage.
You miss something. Your headbutt misses something. Something hits you.
* * * LOW HITPOINT WARNING * * *
You hit something. Your headbutt misses something. Something hits you.
* * * LOW HITPOINT WARNING * * *
Unknown command.
You closely miss something. Your kick misses something.
Your headbutt misses something. Your punch misses something. You hit something.
You headbutt something.
Your horns disappear.
Your talons disappear.
You hear some strange, mumbled words.
A puff of flame appears from out of thin air!
The puff of flame hits you!
* * * LOW HITPOINT WARNING * * *
Unknown command.
A magic dart appears from out of thin air!
A puff of flame appears from out of thin air!
An orc wizard appears from thin air!
Reactivating autopickup.
Danger!
The orc wizard gestures at you while chanting.
The magic dart hits you!
You die...

Skill      XL: |  1  2  3  4 |
---------------+-------------+-----
Dodging        | 2 |  2.0
Transmutations | 2 |  2.5
Fighting       | 2 3 |  3.2
Unarmed Combat | 3 |  3.2
Spellcasting   | 3 |  3.0

Action                   |  1- 3 |  4- 6 || total
-------------------------+-------+-------++-------
Melee: Unarmed           |    69 |    50 ||   119
       Kick              |    11 |     5 ||    16
       Punch             |     2 |       ||     2
       Headbutt          |     4 |     5 ||     9
 Fire: Sling             |    72 |    31 ||   103
 Cast: Beastly Appendage |    14 |    10 ||    24
  Use: Potion            |       |     1 ||     1
Armor: Robe              |    27 |    17 ||    44
Dodge: Dodged            |    39 |    26 ||    65

Levels and vault maps discovered:
D:1:      mushboom_english_gardens, layout_basic, hangedman_decor_slide_cut
D:2:      layout_basic, minmay_heptomino_w4
D:3:      layout_loops_ring, hellmonk_ecumenical_altar_arch_garden,
          minmay_starry_boxes, uniq_grinder

Notes
Turn   | Place    | Note
-------+----------+-------------------------------------------
     0 | D:1      | Sobieck the Ogre Transmuter began the quest for the Orb.
     0 | D:1      | Reached XP level 1. HP: 19/19 MP: 3/3
    70 | D:1      | You pick up a book of Sloth and begin reading...
    70 | D:1      | You add the spells Petrify, Metabolic Englaciation and
                  | Statue Form to your library.
   241 | D:1      | Reached XP level 2. HP: 22/28 MP: 3/5
   383 | D:1      | Reached skill level 2 in Dodging
   383 | D:1      | Reached skill level 2 in Transmutations
   456 | D:1      | Reached skill level 2 in Fighting
   532 | D:1      | You add the spells Blink, Manifold Assault and Storm Form
                  | to your library.
   671 | D:1      | Reached XP level 3. HP: 32/35 MP: 7/7
  1074 | D:2      | Reached skill level 3 in Unarmed Combat
  1226 | D:2      | Reached skill level 3 in Spellcasting
  1503 | D:2      | Reached XP level 4. HP: 39/44 MP: 6/8
  1779 | D:2      | Reached skill level 3 in Fighting
  2307 | D:3      | You pick up a book of Blood and begin reading...
  2307 | D:3      | You add the spells Sublimation of Blood and Summon Hydra to
                  | your library.
  2404 | D:2      | HP: 3/45 [something/puff of flame (10)]
  2417 | D:2      | Killed from afar by an orc wizard

Vanquished Creatures
  2 adders (D:2)
  2 worms (D:2)
  3 dart slugs
  5 endoplasms
  A giant cockroach (D:1)
  9 hobgoblins
  6 kobolds
  2 quokkas (D:1)
  6 ball pythons
  4 bats
  5 frilled lizards
  4 goblins
  5 rats
54 creatures vanquished.

Table legend:
 A = Non-vault XP
 B = Vault XP
 C = Vault XP percentage of total XP
 D = Non-vault monster count
 E = Vault monster count
 F = Vault count percentage of total count
                 A         B        C        D         E       F
            +---------+---------+-------+---------+---------+-------
      Total |      89 |      34 |  27.6 |      42 |      12 |  22.2
            +---------+---------+-------+---------+---------+-------
        D:1 |      34 |       0 |   0.0 |      20 |       0 |   0.0
        D:2 |      51 |      26 |  33.8 |      19 |       6 |  24.0
        D:3 |       4 |       8 |  66.7 |       3 |       6 |  66.7
            +---------+---------+-------+---------+---------+-------

Illustrated notes

Table legend:
 A = Kills in this place as a percentage of kills in entire the game.
 B = Kills by you in this place as a percentage of kills by you in the entire game.
 C = Kills by friends in this place as a percentage of kills by friends in the entire game.
 D = Other kills in this place as a percentage of other kills in the entire game.
 E = Experience gained in this place as a percentage of experience gained in the entire game.
 F = Experience gained in this place divided by the number of levels of this place that you have seen.
                   A       B       C       D       E      F
               +-------+-------+-------+-------+-------+----------------------
         Total | 100.0 | 100.0 |   N/A |   N/A | 100.0 |  41.0
       Dungeon | 100.0 | 100.0 |   N/A |   N/A | 100.0 |  41.0
               +-------+-------+-------+-------+-------+----------------------

Table legend: (Time is in decaauts)
 A = Elapsed time spent in this place.
 B = Non-inter-level travel time spent in this place.
 C = Inter-level travel time spent in this place.
 D = Time resting spent in this place.
 E = Time spent auto-exploring this place.
 F = Levels seen in this place.
 G = Mean time per level.
                   A        B        C        D        E       F      G
               +--------+--------+--------+--------+--------+-----+--------+
         Total |   2430 |   2395 |     35 |    450 |   1444 |   3 |  810.0 |
       Dungeon |   2430 |   2395 |     35 |    450 |   1444 |   3 |  810.0 |
               +--------+--------+--------+--------+--------+-----+--------+

Top non-repeatable levels by time:
     D:2: 1190 daAuts
     D:1: 958 daAuts
     D:3: 280 daAuts
